 Dungeon Crawl Stone Soup version 0.23.1 (webtiles) character file.

Game seed: 0

1223 night the Gusty (level 8, -7/52 HPs)
             Began as a Demonspawn Air Elementalist on Mar 15, 2019.
             Was a Follower of Sif Muna.
             Mangled by an ogre
             ... wielding a +0 giant club
              (17 damage)
             ... on level 5 of the Dungeon on Mar 16, 2019.
             The game lasted 00:26:56 (7910 turns).

night the Gusty (Demonspawn Air Elementalist)       Turns: 7910, Time: 00:26:57

Health: -7/52      AC: 14    Str:  8    XL:     8   Next: 23%
Magic:  11/14      EV: 10    Int: 18    God:    Sif Muna [*.....]
Gold:   281        SH:  0    Dex: 15    Spells: 5/15 levels left

rFire    . . .     SeeInvis .     - Unarmed
rCold    . . .     Gourm    .   (no shield)
rNeg     . . .     Faith    +   H - +3 ring mail
rPois    .         Spirit   .   b - +0 helmet
rElec    .         Reflect  .   (no cloak)
rCorr    .         Harm     .   j - +0 pair of gloves
MR       .....                  F - +0 pair of boots
Stlth    +.........             C - amulet of faith
HPRegen  0.17/turn              (no ring)
MPRegen  0.14/turn              (no ring)

@: divine energy
A: claws 1, yellow scales 2
a: Stop Divine Energy, Renounce Religion


You were on level 5 of the Dungeon.
You worshipped Sif Muna.
Sif Muna was aware of your devotion.
You were not hungry.

You visited 2 branches of the dungeon, and saw 8 of its levels.

You collected 281 gold pieces.

Inventory:

Hand Weapons
 g - a +0 club
Missiles
 d - 190 stones (quivered)
 f - 151 arrows
 s - 38 sling bullets
 w - 71 bolts
Armour
 b - a +0 helmet (worn)
 j - a +0 pair of gloves (worn)
 n - a +0 robe
 y - a +0 buckler
 F - a +0 pair of boots (worn)
 H - a +3 ring mail (worn)
Jewellery
 C - an amulet of faith (around neck)
Wands
 u - a wand of flame (13)
 v - a wand of random effects (12)
Scrolls
 e - 3 scrolls of identify
 h - 2 scrolls of magic mapping
 i - a scroll of fear {unknown}
 l - 2 scrolls of remove curse
 o - a scroll of amnesia {unknown}
 p - 2 scrolls of enchant weapon {unknown}
 r - 3 scrolls of immolation {unknown}
 B - a scroll of blinking {unknown}
 D - a scroll of enchant armour {unknown}
 G - a scroll of teleportation {unknown}
Potions
 k - 2 potions of agility
 m - a potion of ambrosia
 q - a potion of flight
 t - a potion of might
 x - 2 potions of heal wounds
 z - a potion of mutation {unknown}
 A - a potion of berserk rage {unknown}
Comestibles
 c - 15 rations


   Skills:
 - Level 1.7 Dodging
 - Level 1.7 Stealth
 + Level 3.4 Unarmed Combat
 + Level 4.1 Spellcasting
 + Level 4.0 Conjurations
 + Level 7.0 Air Magic


You had 5 spell levels left.
You knew the following spells:

 Your Spells              Type           Power        Failure   Level  Hunger
a - Shock                 Conj/Air       ###.         4%          1    None
b - Airstrike             Air            ####......   26%         4    ####...
c - Lightning Bolt        Conj/Air       ###.......   78%         5    ######.

Your spell library contained the following spells:

 Spells                   Type           Power        Failure   Level  Hunger
 Static Discharge         Conj/Air       ###.....     14%         3    ###....
 Swiftness                Chrm/Air       ###.....     16%         2    ##.....
 Flame Tongue             Conj/Fire      ##...        21%         1    None
 Throw Flame              Conj/Fire      ##....       30%         2    ##.....
 Confusing Touch          Hex            #.....       41%         1    None
 Conjure Flame            Conj/Fire      ##......     52%         3    ###....
 Confuse                  Hex            #.......     80%         3    ###....
 Gell's Gravitas          Tloc           #.........   80%         3    ###....
 Inner Flame              Hex/Fire       #.......     80%         3    ###....
 Sticky Flame             Conj/Fire      ##......     89%         4    ####...
 Petrify                  Tmut/Erth      #.......     99%         4    ####...
 Fireball                 Conj/Fire      ##........   99%         5    ######.
 Metabolic Englaciation   Hex/Ice        #.........   100%        5    ######.
 Yara's Violent Unravell  Hex/Tmut       #.........   100%        5    ######.


Dungeon Overview and Level Annotations

Branches:
Dungeon (7/15)             Temple (1/1) D:4

Altars:
Ashenzari
Dithmenos
Elyvilon
Fedhas
Gozag
Hepliaklqana
Makhleb
Nemelex Xobeh
Okawaru
Qazlal
Ru
Sif Muna
Trog
Uskayaw
Wu Jian
Xom
Yredelemnul
The Shining One


Innate Abilities, Weirdness & Mutations

You have sharp fingernails.
You are mostly covered in yellow scales. (AC +3)


Message History

Casting: Shock (safe; 4% risk of failure)
Confirm with . or Enter, or press ? or * to list all spells.
Aiming: Shock (safe; 4% risk of failure)
Press: ? - help, Shift-Dir - straight line The zap hits the ogre.
The ogre is heavily wounded.
The ogre hits you with a +0 giant club!!
You barely miss the ogre.
The ogre is heavily wounded.
The ogre barely misses you.
You barely miss the ogre.
The ogre is heavily wounded.
You hit the ogre.
The ogre is severely wounded.
The ogre hits you with a +0 giant club!!
* * * LOW HITPOINT WARNING * * *
You hit the ogre.
The ogre is almost dead.
The ogre hits you with a +0 giant club!
You die...

..^...# #..# *...≈≈≈.#.#.##.
......# ##.#######..≈≈≈≈.#......
......# #..#...,...≈≈≈.≈.......
....########.#.####..≈.≈≈.#.#.###
##### #....#.........≈.≈.######*
#######....##.......≈≈≈≈≈≈#*≈≈≈*
#.....[.....#.......≈≈≈≈≈≈≈**≈≈*#
##..........##..O.....≈≈≈≈≈≈*≈*##
........###.##).@....≈≈≈≈≈≈≈≈≈*#.
##......# #..........###########.
##......# ####..#...## #..#.#.##.
#.......# #..#.#.# #......##.
#.#.#.### ##...#.####.##.####.
##.#.## ##..#.........####.
#.###.# #.)#....#.##......
##.#.## #######.#.#..#.##......
#.#.#.# #............#.##......


You could see an ogre.

Vanquished Creatures
  A spriggan (D:7)
  An ogre (D:5)
  2 centaurs (D:5)
  A big kobold (D:7)
  2 howler monkeys
  A bullfrog zombie (D:5)
  A hound (D:4)
  2 orc priests
  7 orc wizards
  A centaur skeleton (D:5)
  3 worker ants
  A hound skeleton (D:5)
  A howler monkey zombie (D:4)
  5 adders
  4 gnolls (D:3)
  A howler monkey skeleton (D:4)
  3 oozes
  An adder skeleton (D:4)
  A worm (D:2)
  3 leopard geckos
  22 orcs
  2 giant cockroaches
  12 goblins
  10 hobgoblins
  4 jackals
  6 quokkas
  A ball python (D:3)
  6 bats
  11 frilled lizards
  10 kobolds
  8 rats
  A spectral orc (D:4)
135 creatures vanquished.

Vanquished Creatures (others)
  A quokka (D:4)
1 creature vanquished.

Grand Total: 136 creatures vanquished

Notes
Turn   | Place    | Note
-------+----------+-------------------------------------------
     0 | D:1      | night the Demonspawn Air Elementalist began the quest for
                  | the Orb.
     0 | D:1      | Reached XP level 1. HP: 13/13 MP: 3/3
   223 | D:1      | Reached skill level 3 in Air Magic
   320 | D:1      | Gained mutation: You are partially covered in yellow
                  | scales. (AC +2) [demonic ancestry]
   320 | D:1      | Reached XP level 2. HP: 19/19 MP: 3/5
  1288 | D:2      | Reached XP level 3. HP: 24/24 MP: 0/6
  1396 | D:2      | Reached skill level 4 in Air Magic
  1990 | D:2      | Found a hide-covered altar of Uskayaw.
  2050 | D:2      | Reached XP level 4. HP: 22/30 MP: 2/7
  2223 | D:2      | Learned a level 4 spell: Airstrike
  2634 | D:3      | Found a glowing golden altar of the Shining One.
  3081 | D:3      | Reached skill level 5 in Air Magic
  3147 | D:3      | Gained mutation: You have sharp fingernails. [demonic
                  | ancestry]
  3147 | D:3      | Reached XP level 5. HP: 17/35 MP: 2/8
  3742 | D:3      | Found a shattered altar of Ashenzari.
  3742 | D:3      | Found a blossoming altar of Fedhas.
  3743 | D:3      | Found a shadowy altar of Dithmenos.
  3774 | D:3      | Reached XP level 6. HP: 41/41 MP: 4/9
  4025 | D:3      | Reached skill level 6 in Air Magic
  4119 | D:4      | Found a white marble altar of Elyvilon.
  4380 | D:4      | Reached skill level 1 in Unarmed Combat
  4450 | D:4      | You fall through a shaft for 3 floors!
  4980 | D:7      | Noticed a spriggan baker
  4983 | D:7      | Killed a spriggan baker
  4983 | D:7      | Reached XP level 7. HP: 35/46 MP: 7/11
  5278 | D:5      | Entered Level 5 of the Dungeon
  5658 | D:4      | Found a staircase to the Ecumenical Temple.
  5676 | Temple   | Entered the Ecumenical Temple
  5737 | Temple   | Became a worshipper of Sif Muna the Loreminder
  6278 | D:4      | Found a basalt altar of Yredelemnul.
  6305 | D:4      | Found a bloodstained altar of Trog.
  6453 | D:4      | Found an iron altar of Okawaru.
  7085 | D:5      | Reached * piety under Sif Muna
  7138 | D:5      | Found a sparkling altar of Nemelex Xobeh.
  7177 | D:5      | Gained mutation: You are mostly covered in yellow scales.
                  | (AC +3) [demonic ancestry]
  7177 | D:5      | Reached XP level 8. HP: 38/52 MP: 9/13
  7294 | D:5      | Learned a level 5 spell: Lightning Bolt
  7459 | D:5      | Found an iron altar of Okawaru.
  7771 | D:5      | Reached skill level 7 in Air Magic
  7910 | D:5      | Mangled by an ogre

Skill      XL: |  1  2  3  4  5  6  7  8 |
---------------+-------------------------+-----
Air Magic      | 3 4 5 6 7 |  7.0
Unarmed Combat | 1 3 |  3.4
Conjurations   | 2 3 4 |  4.0
Spellcasting   | 3 4 |  4.1
Dodging        | |  1.7
Stealth        | |  1.7

Action                   |  1- 3 |  4- 6 |  7- 9 || total
-------------------------+-------+-------+-------++-------
Melee: Unarmed           |     5 |    66 |    85 ||   156
       Dagger            |    31 |    33 |       ||    64
       Punch             |       |       |     3 ||     3
 Cast: Shock             |    92 |   120 |   128 ||   340
       Airstrike         |       |     1 |     1 ||     2
Invok: Divine Energy     |       |       |     1 ||     1
Evoke: Wand              |       |     1 |     3 ||     4
  Use: Potion            |       |     1 |       ||     1
       Scroll            |       |     4 |     3 ||     7
 Stab: Sleeping          |     2 |       |       ||     2
       Paralysed         |       |       |     5 ||     5
  Eat: Chunk             |     5 |     9 |     8 ||    22
       Ration            |       |       |     1 ||     1
Armor: Robe              |     7 |    24 |    18 ||    49
       Ring mail         |       |       |    10 ||    10
Dodge: Dodged            |    45 |    74 |    61 ||   180
